 Dungeon Crawl Stone Soup version 0.29-a0-825-g72347fce65 (webtiles) character file.

Game seed: 13628435145716207444

458779 wrngl the Ninja (level 23, 0/129 HPs)
             Began as a Spriggan Enchanter on July 9, 2022.
             Was the Champion of Dithmenos.
             Slain by a salamander
             ... wielding a +2 halberd
              (6 damage)
             ... while petrified by a living spell
             ... on level 2 of the Depths on July 11, 2022.
             The game lasted 02:45:49 (59252 turns).

wrngl the Ninja (Spriggan Enchanter)               Turns: 59252, Time: 02:45:50

Health: 0/129      AC: 17    Str: 12    XL:     23   Next: 3%
Magic:  46/51      EV:  4    Int: 17    God:    Dithmenos [******]
Gold:   6096       SH:  0    Dex: 20    Spells: 25/69 levels left

rFire   . . .      SeeInvis +   e - +9 dagger (venom)
rCold   + . .      Faith    .   l - orb {guile}
rNeg    + + +      Spirit   .   v - +5 steam dragon scales
rPois   ∞          Reflect  .   d - +0 hat of Dithmenos's Esteem {Stlth+}
rElec   .          Harm     .   p - +2 cloak {rPois}
rCorr   .          Rampage  .   (gloves unavailable)
Will    ++...                   (boots unavailable) Stlth ###*******
                                U - amulet of regeneration
HPRegen 1.11/turn               T - +4 ring of evasion
MPRegen 0.32/turn               C - +4 ring of protection

@: petrified, wreathed by umbra, studying Armour, very quick
A: very small, no large weapons, unfitting armour, see invisible, speed 3, thin
skeletal structure 1, cold resistance 1
}: 3/15 runes: serpentine, barnacled, silver
a: Renounce Religion, Shadow Step, Shadow Form


You were on level 2 of the Depths.
You worshipped Dithmenos.
Dithmenos was exalted by your worship.
You visited 9 branches of the dungeon, and saw 42 of its levels.
You visited 1 bazaar.
You also visited: Bailey, Ice Cave and Wizlab.

You collected 9443 gold pieces.
You spent 3347 gold pieces at shops.

Inventory:

Hand Weapons
 e - a +9 dagger of venom (weapon)
 V - a +0 dagger of electrocution
Missiles
 A - 13 curare-tipped darts (quivered)
 B - 14 throwing nets
 H - 11 atropa-tipped darts
Armour
 d - the +0 hat of Dithmenos's Esteem (worn) {Stlth+}
   (You acquired it on level 1 of the Dungeon)

   Stlth:     It makes you more stealthy.
 l - an orb of guile (worn)
 p - a +2 cloak of poison resistance (worn)
 v - +5 steam dragon scales (worn)
Jewellery
 b - the ring of the City {rCorr Int+5}
   (You took it off a deep elf archer on level 3 of the Elven Halls)

   [ring of resist corrosion]

   Int:       It affects your intelligence (+5).
   rCorr:     It protects you from acid and corrosion.
 h - a +6 ring of intelligence
 m - a ring of flight
 C - a +4 ring of protection (right hand)
 D - a ring of resist corrosion
 T - a +4 ring of evasion (left hand)
 U - an amulet of regeneration (around neck)
Wands
 q - a wand of charming (70)
 u - a wand of iceblast (15)
 w - a wand of acid (10)
 x - a wand of polymorph (16)
 O - a wand of mindburst (7)
Scrolls
 r - a scroll of enchant weapon
 s - 4 scrolls of teleportation
 y - 2 scrolls of enchant armour
 z - 11 scrolls of vulnerability
 J - 6 scrolls of poison
 L - a scroll of magic mapping
 M - 5 scrolls of brand weapon
 P - 2 scrolls of fog
 Q - 7 scrolls of amnesia
 R - a scroll of blinking
 X - 2 scrolls of fear
Potions
 a - 11 potions of haste
 c - a potion of invisibility
 f - 3 potions of flight
 i - 10 potions of brilliance
 j - 26 potions of curing
 k - 9 potions of ambrosia
 n - 2 potions of heal wounds
 t - 3 potions of might
 E - 5 potions of lignification
 F - 3 potions of resistance
 G - 5 potions of berserk rage
 K - 6 potions of mutation
 N - 6 potions of magic
 W - a potion of cancellation
Miscellaneous
 g - a tin of tremorstones (2/2)
 I - a phantom mirror
 S - a box of beasts
 Y - a condenser vane
 Z - a phial of floods


   Skills:
 + Level 16.4 Fighting
 - Level 12.0 Short Blades
 - Level 20.0 Dodging
 O Level 27 Stealth
 + Level 23.8 Spellcasting
 - Level 2.0 Conjurations
 + Level 24.0 Hexes


You had 25 spell levels left.
You knew the following spells:

 Your Spells              Type           Power      Damage    Failure   Level
a - Ensorcelled Hibernat  Hex/Ice        100%       N/A       1%          2
b - Tukima's Dance        Hex            80%        N/A       0%          3
c - Dazzling Flash        Conj/Hex       100%       N/A       1%          3
d - Confusing Touch       Hex            80%        N/A       0%          3
e - Summon Mana Viper     Hex/Summ       57%        N/A       1%          5
f - Apportation           Tloc           40%        N/A       1%          1
g - Stone Arrow           Conj/Erth      46%        3d9       4%          3
h - Metabolic Englaciati  Hex/Ice        28%        N/A       1%          5
i - Enfeeble              Hex            40%        N/A       1%          7
j - Cause Fear            Hex            40%        N/A       0%          4
k - Discord               Hex            40%        N/A       1%          8

Your spell library contained the following spells:

 Spells                   Type           Power      Damage    Failure   Level
 Slow                     Hex            100%       N/A       0%          1
 Beastly Appendage        Tmut           40%        N/A       1%          1
 Magic Dart               Conj           100%       1d8       1%          1
 Necrotise                Necr           80%        1d8       1%          1
 Sandblast                Erth           40%        2d10      1%          1
 Shock                    Conj/Air       92%        1d8       1%          1
 Summon Small Mammal      Summ           80%        N/A       1%          1
 Searing Ray              Conj           54%        2d6       1%          2
 Inner Flame              Hex/Fire       57%        N/A       1%          3
 Summon Guardian Golem    Hex/Summ       57%        N/A       1%          3
 Anguish                  Hex/Necr       28%        N/A       1%          4
 Leda's Liquefaction      Hex/Erth       28%        N/A       1%          4
 Yara's Violent Unravell  Hex/Tmut       28%        3d12      1%          5
 Call Imp                 Summ           20%        N/A       3%          2
 Passwall                 Tmut/Erth      16%        N/A       3%          2
 Scorch                   Fire           40%        2d7       3%          2
 Sublimation of Blood     Necr           20%        N/A       3%          2
 Wereblood                Tmut           20%        N/A       3%          2
 Conjure Flame            Conj/Fire      23%        6-21      4%          3
 Mephitic Cloud           Conj/Pois/Air  22%        N/A       4%          3
 Gell's Gravitas          Tloc           20%        N/A       6%          3
 Ignite Poison            Fire/Tmut/Pois 20%        N/A       6%          3
 Lesser Beckoning         Tloc           20%        N/A       6%          3
 Teleport Other           Tloc           20%        N/A       6%          3
 Vampiric Draining        Necr           20%        2d7       6%          3
 Flame Wave               Conj/Fire      23%        2d7       14%         4
 Hailstorm                Conj/Ice       23%        3d7       14%         4
 Iskenderun's Mystic Bla  Conj/Tloc      23%        2d6       14%         4
 Sticky Flame             Conj/Fire      23%        2d4       14%         4
 Animate Armour           Summ/Erth      40%        N/A       21%         4
 Animate Dead             Necr           20%        N/A       21%         4
 Ice Form                 Ice/Tmut       20%        N/A       21%         4
 Passage of Golubria      Tloc           20%        N/A       21%         4
 Petrify                  Tmut/Erth      20%        N/A       21%         4
 Summon Ice Beast         Ice/Summ       20%        N/A       21%         4
 Summon Lightning Spire   Summ/Air       20%        N/A       21%         4
 Iskenderun's Battlesphe  Conj           27%        2d8       26%         5
 Agony                    Necr           20%        N/A       50%         5
 Alistair's Intoxication  Tmut/Pois      13%        N/A       50%         5
 Blade Hands              Tmut           10%        N/A       50%         5
 Borgnjor's Vile Clutch   Necr/Erth      10%        N/A       50%         5
 Iron Shot                Conj/Erth      11%        9d3       91%         6
 Death Channel            Necr           10%        N/A       97%         6
 Eringya's Noxious Bog    Tmut/Pois      10%        N/A       97%         6
 Statue Form              Tmut/Erth      13%        N/A       97%         6
 Haunt                    Necr/Summ      10%        N/A       100%        7
 Malign Gateway           Summ/Tloc      10%        N/A       100%        7
 Monstrous Menagerie      Summ           10%        N/A       100%        7
 Orb of Destruction       Conj           13%        9d7       100%        7
 Ozocubu's Refrigeration  Ice            10%        4d7       100%        7
 Spellforged Servitor     Conj/Summ      11%        N/A       100%        7
 Storm Form               Tmut/Air       10%        N/A       100%        7
 Summon Hydra             Summ           10%        N/A       100%        7
 Infestation              Necr           10%        N/A       100%        8
 Maxwell's Capacitive Co  Air            10%        ∞         100%        8
 Necromutation            Tmut/Necr      10%        N/A       100%        8
 Summon Horrible Things   Summ           10%        N/A       100%        8
 Chain Lightning          Conj/Air       11%        3d15      100%        9
 Fire Storm               Conj/Fire      11%        8d3       100%        9
 Shatter                  Erth           10%        3d11*     100%        9


Dungeon Overview and Level Annotations

Branches:
Dungeon (15/15)            Temple (1/1) D:5            Lair (6/6) D:10
 Shoals (4/4) Lair:4        Snake (4/4) Lair:2        Slime (0/5) Lair:5
    Orc (2/2) D:12            Elf (3/3) Orc:2        Vaults (5/5) D:13
  Crypt (0/3) Vaults:3     Depths (2/4) D:15         Bailey (visited)
  IceCv (visited)          WizLab (visited)

Altars:
Ashenzari
Cheibriados
Dithmenos
Elyvilon
Fedhas
Gozag
Nemelex Xobeh
Trog
Vehumet
Xom
Yredelemnul
The Shining One
Jiyva
Lugonu

Shops:
D:4 ?[?:   D:7 **=   D:12 !   Orc:2 !*((   Snake:1 [   Snake:2 !(   Vaults:4 [
Depths:1 [

Portals:
Hell: Depths:1
Abyss: Depths:2
Pandemonium: Depths:2

Annotations:
D:6 2 transporters
Shoals:4 Donald
Orc:2 3 runed translucent doors, Sekuso's ghost, journeyman FoAr
Elf:1 6 runed translucent doors
Elf:2 3 runed translucent doors
Elf:3 3 runed translucent doors, Artihs's ghost, journeyman MiFi; Dwachs's ghost, adept MiFi; Sat's ghost, adept MiBe; capka3m's ghost, adept GnEE


Innate Abilities, Weirdness & Mutations

You are very small and have problems with some larger weapons.
You are too small for most types of armour.
You have supernaturally acute eyesight. (SInv)
You cover ground extremely quickly. (Speed+++)
You have a somewhat thin skeletal structure. (Dex +2, Stealth+)
Your flesh is cold resistant. (rC+)


Message History

You are engulfed in flames!
You emit a cloud of dark smoke.
The sphinx hits something! x3
The living spell casts itself at you.
You are slowing down.
The salamander hits you with a +2 halberd!!
You are engulfed in flames!
The fireball explodes!
The fireball engulfs the sphinx!!!
The sphinx hits something!!
The sphinx hits something. x2
The salamander barely misses you. Dithmenos accepts your kill.
You feel a bit more experienced.
Your limbs are stiffening.
The salamander completely misses you. The salamander barely misses you.
Unknown command.
The salamander completely misses you.
You have turned to stone.
The salamander hits something from afar with a +2 halberd!!
Something is engulfed in flames!
The salamander hits you from afar with a +2 halberd!!
You emit a cloud of dark smoke.
You are engulfed in flames!
You feel a bit more experienced.
The salamander hits you from afar with a +2 halberd!
You are engulfed in flames!
The salamander hits you from afar with a +2 halberd!
You are engulfed in flames!
The salamander hits you from afar with a +2 halberd!
* * * LOW HITPOINT WARNING * * *
You are engulfed in flames!
* * * LOW HITPOINT WARNING * * *
The salamander hits you from afar with a +2 halberd!!
* * * LOW HITPOINT WARNING * * *
You are engulfed in flames!
* * * LOW HITPOINT WARNING * * *
The salamander hits something from afar with a +2 halberd!! x2
The salamander hits you from afar with a +2 halberd.
* * * LOW HITPOINT WARNING * * *
You are engulfed in flames!
* * * LOW HITPOINT WARNING * * *
The salamander hits you from afar with a +2 halberd!
* * * LOW HITPOINT WARNING * * *
You are engulfed in flames!
You die...

.... #≈.≈#≈.....).?§§§[.≈#≈.≈#
..### #§§§#≈.≈≈≈≈≈≈≈≈§§§.≈#≈.≈#
....#.# #≈.§#≈.≈#########≈.≈#≈.≈#
......# #≈§≈#≈.≈# ≈≈#§.≈#≈§§# †.#
#≈.≈#≈§§# .≈#≈§≈#§§§# ..##
#≈.≈#≈.§# ≈H≈#§)≈#§.≈# ##.##
#≈.≈#≈§§#####≈.≈#≈.§#≈.≈# ###†##
#≈§§#≈§§§§§§§§.≈#§§≈#≈.≈#
.###.####§§§#≈§§@§§§;§.≈#≈.≈#≈.§#
#.......#≈.§#§§§§§N§§≈§§#≈.≈#≈.≈#
#######.#≈†≈#############≈.≈#≈.≈#
#.#≈†≈≈§§§≈≈≈≈≈≈§≈≈≈[§#≈)≈#
#.#≈.§.§...§.§§§§....≈#≈.≈#
#.#§§≈≈≈≈§§§§§§§≈≈≈≈≈≈#§.≈#
#.#####################≈.≈#
#.§≈≈≈≈≈≈≈≈§≈≈≈≈≈≈≈§§≈≈≈.≈#
#............§§...)§§§)..≈#


You could see a neutral salamander (fast, strong, insane).

Vanquished Creatures
  Mara (Shoals:3)
  Bai Suzhen (Vaults:3)
  Boris (twice) (Vaults:2 Vaults:5)
  A golden dragon (Vaults:5)
  Jory (Vaults:3)
  Jorgrun (Shoals:2)
  A lich (Vaults:5)
  Mlioglotl (Shoals:1)
  3 titans
  A deep elf blademaster (Elf:3)
  Frances (Shoals:1)
  2 tengu reavers
  A sphinx (Vaults:5)
  2 storm dragons
  3 nagarajas (Snake:4)
  Ilsuiw (Shoals:1)
  9 vault wardens
  A draconian knight (WizLab)
  2 fire giants (Vaults:5)
  4 frost giants
  4 orc warlords
  A ghoul (Vaults:3)
  A deep elf elementalist (Elf:3)
  17 ironbound preservers
  5 stone giants
  3 ironbound thunderhulks (Vaults:1)
  A war gargoyle (Vaults:2)
  7 very ugly things
  8 deep elf demonologists
  3 deep elf annihilators
  3 entropy weavers
  4 dire elephants
  11 purple draconians (WizLab)
  A spark wasp (Depths:2)
  6 statues (WizLab)
  2 deep elf death magi
  2 crystal guardians (Vaults:1)
  12 yaktaur captains
  3 ettins
  4 merfolk javelineers
  13 merfolk impalers
  4 rakshasas
  8 hydras
  An ice dragon (Depths:1)
  2 great orbs of eyes
  7 vault guards
  A peacekeeper (Vaults:1)
  2 catoblepae (Lair:6)
  3 salamander tyrants (Snake:4)
  2 boulder beetles
  Fannar (D:10)
  A spriggan air mage (Depths:2)
  8 ironbound frosthearts
  6 merfolk avatars
  9 two-headed ogres
  11 naga warriors
  An ogre mage (D:15)
  6 anacondas
  6 merfolk aquamancers
  22 centaur warriors
  A satyr (Shoals:3)
  3 alligator snapping turtles
  12 dancing weapons
  Erica (D:8)
  4 deep troll earth magi
  9 death yaks
  2 deep troll shamans
  20 naga sharpshooters
  4 tengu warriors
  A spriggan berserker (Depths:1)
  A spriggan (Depths:2)
  3 orc high priests (Orc:2)
  7 shock serpents
  Urug (D:10)
  A hell knight (Depths:2)
  Sonja (Lair:1)
  3 iron trolls
  17 deep elf knights
  A skeletal warrior (D:14)
  A goliath frog (Lair:6)
  3 salamander mystics
  18 sea snakes
  A sea snake (shapeshifter) (D:13)
  An orb spider (shapeshifter) (D:13)
  8 naga ritualists
  12 ironbound convokers
  64 deep trolls
  A phantasmal warrior (Vaults:5)
  A steelbarb worm (shapeshifter) (D:14)
  2 necromancers (Vaults:2)
  4 wizards
  Pikel (D:8)
  8 lindwurms
  A glowing orange brain (Vaults:4)
  13 harpies
  21 deep elf pyromancers
  13 orc knights
  29 ugly things
  21 deep elf zephyrmancers
  14 mana vipers
  19 deep elf archers
  7 orc sorcerers
  A shadow dragon skeleton (Depths:1)
  14 salamanders
  15 cyclopes
  14 fauns
  17 manticores
  10 merfolk sirens
  3 moths of wrath (Vaults:4)
  3 ice statues (IceCv)
  4 elephants
  15 vault sentinels
  A guardian serpent (Snake:1)
  37 black mambas
  A torpor snail (shapeshifter) (Elf:3)
  Joseph (D:7)
  5 water nymphs (Shoals:4)
  19 naga magi
  An orange demon (Depths:2)
  22 cane toads
  A torpor snail (Lair:5)
  Psyche (D:8)
  A cane toad (shapeshifter) (D:14)
  31 yaktaurs
  A kobold demonologist (D:12)
  4 rime drakes
  An efreet (D:15)
  A human zombie (Vaults:2)
  5 komodo dragons
  An entropy weaver simulacrum (IceCv)
  17 tengu conjurers
  A troll (shapeshifter) (D:14)
  A silent spectre (Vaults:4)
  5 trolls
  33 merfolk
  2 tyrant leeches (Lair:6)
  13 wind drakes
  A polar bear (Lair:4)
  A hornet (Depths:2)
  Prince Ribbit (D:9)
  Grinder (D:4)
  5 slime creatures
  A human simulacrum (Vaults:2)
  36 blink frogs
  21 dream sheep
  12 snapping turtles
  A jumping spider (shapeshifter) (D:14)
  An air elemental (Elf:3)
  2 shadows (D:12)
  15 water elementals
  A dire elephant simulacrum (IceCv)
  4 wraiths
  2 fire bats (Depths:2)
  A fire bat (shapeshifter) (Depths:1)
  6 wyverns
  19 yaks
  3 fire elementals
  A hog (shapeshifter) (D:14)
  4 basilisks
  A basilisk (shapeshifter) (D:15)
  3 steam dragons
  15 vampire mosquitoes
  4 death yak simulacra
  5 redbacks
  28 nagas
  An acid dragon (D:11)
  15 water moccasins
  2 glowing shapeshifter skeletons (Vaults:2)
  An ice beast (D:5)
  A meliai simulacrum (D:14)
  20 orc warriors
  6 black bears
  6 boggarts
  13 wolves
  7 ogres
  2 phantoms
  4 centaurs
  An elf simulacrum (Vaults:2)
  3 kobold brigands
  16 bullfrogs
  2 necrophages
  4 scorpions
  7 wights
  A troll zombie (D:12)
  10 killer bees
  6 electric eels
  13 howler monkeys
  A lava snake (D:15)
  2 hounds
  A gnoll bouda (Orc:1)
  15 orc priests
  2 jellies
  Crazy Yiuf (D:5)
  Jessica (D:2)
  4 iguanas
  Natasha (thrice) (D:3)
  16 orc wizards
  3 polar bear simulacra
  A wolf simulacrum (IceCv)
  5 ogre zombies (D:12)
  12 gnolls
  5 adders
  2 shadow imps
  2 white imps
  An ufetubus (D:6)
  4 worms
  A dart slug (D:1)
  57 orcs
  5 bats
  10 endoplasms
  A giant cockroach (D:2)
  9 hobgoblins
  2 jackals (D:1)
  16 kobolds
  A quokka (D:1)
  9 ball pythons
  2 frilled lizards
  17 goblins
  3 goblin skeletons (D:12)
  3 goblin zombies (D:12)
  A hobgoblin zombie (D:12)
  3 orc skeletons (D:12)
  9 orc zombies (D:12)
  6 rats
1480 creatures vanquished.

Vanquished Creatures (collateral kills)
  An ancient lich (Vaults:5)
  3 dread liches (Vaults:5)
  A golden dragon (Depths:2)
  A deep elf blademaster (Elf:3)
  2 liches (Vaults:5)
  A deep elf master archer (Elf:3)
  3 titans (Vaults:5)
  2 tengu reavers (Vaults:5)
  A fire giant (shapeshifter) (Vaults:5)
  3 fire giants
  2 deep elf sorcerers (Elf:3)
  A vault warden (Vaults:5)
  3 frost giants
  3 deep elf elementalists (Elf:3)
  An iron dragon (Vaults:5)
  2 very ugly things (Vaults:5)
  3 ironbound preservers (Vaults:5)
  5 stone giants
  A war gargoyle (Vaults:5)
  2 deep elf demonologists (Elf:3)
  4 deep elf annihilators (Elf:3)
  3 spark wasps (Depths:1)
  6 deep elf death magi
  A merfolk impaler (Shoals:4)
  4 ettins
  A green death (Depths:2)
  A fire dragon (Depths:1)
  4 yaktaur captains (Vaults:5)
  A great orb of eyes (Vaults:5)
  22 vault guards (Vaults:5)
  3 ice dragons
  2 ogre magi (Vaults:5)
  4 deep troll earth magi
  A shock serpent (shapeshifter) (Vaults:5)
  2 spriggan berserkers (Depths:2)
  3 deep elf knights (Elf:3)
  A salamander mystic (Depths:2)
  6 hell knights
  2 iron trolls (Depths:2)
  A phantasmal warrior (Vaults:5)
  4 deep trolls
  A deep elf archer (Elf:3)
  An ironbound convoker (Vaults:5)
  2 necromancers (Depths:1)
  A deep elf pyromancer (Elf:3)
  2 ugly things (Depths:2)
  3 orc knights
  An orc sorcerer (Vaults:5)
  A sphinx zombie (Depths:1)
  2 salamanders
  A faun (Shoals:1)
  3 vault sentinels (Vaults:5)
  A black mamba (Snake:4)
  A naga mage (Snake:2)
  An orange demon (Depths:2)
  3 yaktaurs (Vaults:5)
  A hellwing (Depths:2)
  2 merfolk
  A hornet (Depths:2)
  4 dream sheep (Shoals:1)
  A sphinx simulacrum (Depths:1)
  2 dancing weapons
  A spriggan (Depths:2)
  2 water elementals
  A fire elemental (Elf:3)
  A redback (shapeshifter) (Vaults:5)
  5 nagas
  2 orc warriors (Vaults:5)
  An ogre (D:6)
  2 gnoll sergeants (D:9)
  6 wights
  Robin (D:2)
  4 gnolls (D:9)
  13 orcs
  A goblin (D:4)
  A hobgoblin (D:2)
193 creatures vanquished.

Vanquished Creatures (others)
  A deep elf master archer (Elf:3)
  A sphinx (Depths:2)
  A storm dragon (Vaults:5)
  A tengu reaver (Vaults:5)
  3 frost giants (Vaults:5)
  A fire giant (Vaults:5)
  A vault warden (Vaults:5)
  A deep elf elementalist (Elf:3)
  A war gargoyle (Vaults:5)
  2 entropy weavers (Vaults:5)
  A deep elf annihilator (Vaults:4)
  A spark wasp (Depths:1)
  3 ettins
  An ice dragon (Depths:1)
  2 vault guards (Vaults:5)
  A spriggan air mage (Depths:1)
  A tengu warrior (Depths:1)
  A deep troll earth mage (Depths:1)
  A hell knight (Depths:1)
  A deep troll (Vaults:4)
  A deep elf zephyrmancer (Elf:3)
  An ugly thing (Depths:1)
  2 salamanders (Depths:2)
  A polar bear (shapeshifter) (Vaults:5)
  72 dancing weapons
  An orc warrior (Elf:1)
  16 fungi
  139 plants
259 creatures vanquished.

Grand Total: 1932 creatures vanquished

Notes
Turn   | Place    | Note
-------+----------+-------------------------------------------
     0 | D:1      | wrngl the Spriggan Enchanter began the quest for the Orb.
     0 | D:1      | Reached XP level 1. HP: 9/9 MP: 5/5
   251 | D:1      | Reached XP level 2. HP: 13/13 MP: 7/7
   316 | D:1      | Learned a level 2 spell: Ensorcelled Hibernation
   603 | D:1      | Identified a scroll of acquirement
   603 | D:1      | Acquired the +0 hat of Dithmenos's Esteem {Stlth+}
   980 | D:1      | Reached XP level 3. HP: 16/16 MP: 9/9
   984 | D:1      | Learned a level 3 spell: Tukima's Dance
   988 | D:1      | Learned a level 3 spell: Confusing Touch
  1033 | D:2      | Noticed Robin
  1236 | D:2      | Killed Robin
  1782 | D:2      | Found a faded altar of an unknown god.
  1783 | D:2      | Noticed Jessica
  1804 | D:2      | Reached XP level 4. HP: 21/21 MP: 11/11
  1814 | D:2      | Reached skill level 5 in Hexes
  1835 | D:2      | Killed Jessica
  2028 | D:2      | Reached XP level 5. HP: 22/24 MP: 1/13
  2319 | D:3      | Acquired 924 gold pieces
  2391 | D:3      | Reached skill level 5 in Spellcasting
  2466 | D:3      | Noticed Natasha
  2471 | D:3      | Killed Natasha
  2593 | D:3      | Noticed Natasha
  2602 | D:3      | Killed Natasha
  2631 | D:3      | Noticed Natasha
  2639 | D:3      | Killed Natasha
  2640 | D:3      | Reached skill level 5 in Stealth
  3020 | D:3      | Found a bloodstained altar of Trog.
  3020 | D:3      | Found a snail-covered altar of Cheibriados.
  3171 | D:4      | Found Buhujefigi's Antique Armour Shop.
  3179 | D:4      | Bought an embroidered cloak for 225 gold pieces
  3243 | D:4      | Found Quesam's Weapon Shop.
  3624 | D:4      | Noticed Grinder
  3645 | D:4      | Killed Grinder
  3646 | D:4      | Reached skill level 6 in Stealth
  3646 | D:4      | Reached XP level 6. HP: 21/28 MP: 12/16
  3760 | D:4      | Found Ujin's Book Shop.
  3854 | D:4      | Found Wyris's Magic Scroll Shoppe.
  3860 | D:4      | Bought a scroll of identify for 24 gold pieces
  3860 | D:4      | Bought a scroll of identify for 24 gold pieces
  3860 | D:4      | Bought a scroll of fear for 42 gold pieces
  3860 | D:4      | Bought a scroll of identify for 24 gold pieces
  3903 | D:4      | Found Vofiatanykk's Magic Scroll Shoppe.
  3912 | D:4      | Bought a scroll of enchant weapon for 97 gold pieces
  3912 | D:4      | Bought a scroll of teleportation for 39 gold pieces
  3912 | D:4      | Bought a scroll of teleportation for 39 gold pieces
  3912 | D:4      | Bought a scroll of teleportation for 39 gold pieces
  3940 | D:4      | Reached XP level 7. HP: 29/32 MP: 17/17
  4006 | D:4      | Reached skill level 7 in Stealth
  4010 | D:4      | Learned a level 3 spell: Dazzling Flash
  4447 | D:5      | Entered Level 5 of the Dungeon
  4450 | D:5      | Found a staircase to the Ecumenical Temple.
  4465 | Temple   | Entered the Ecumenical Temple
  4518 | Temple   | Became a worshipper of Dithmenos the Shadowed
  4721 | D:5      | Reached skill level 8 in Stealth
  4930 | D:5      | Reached XP level 8. HP: 21/36 MP: 20/20
  5625 | D:5      | Reached skill level 9 in Stealth
  5911 | D:5      | Found a runed translucent door.
  5912 | D:5      | Noticed Crazy Yiuf
  5919 | D:5      | Killed Crazy Yiuf
  6164 | D:6      | Reached skill level 10 in Stealth
  6208 | D:6      | Reached * piety under Dithmenos
  6478 | D:6      | Found a transporter.
  6495 | D:6      | Noticed a cyan ugly thing
  6520 | D:6      | Reached XP level 9. HP: 39/39 MP: 22/22
  6683 | D:6      | Found a transporter.
  6683 | D:6      | Noticed a hell hog
  7011 | D:7      | Reached skill level 11 in Stealth
  7469 | D:4      | Bought a scroll of enchant armour for 90 gold pieces
  7554 | D:7      | Noticed Joseph
  7570 | D:7      | Killed Joseph
  7571 | D:7      | Reached skill level 1 in Fighting
  7571 | D:7      | Reached skill level 10 in Hexes
  7961 | D:7      | Found Reedejeo's General Store.
  7962 | D:7      | Found Afudaf's Specific Store.
  8118 | D:7      | Reached skill level 10 in Spellcasting
  8130 | D:7      | Reached skill level 12 in Stealth
  8309 | D:7      | Found Vulag's Jewellery Shop.
  8435 | D:8      | Noticed Psyche
  8440 | D:8      | Killed Psyche
  8441 | D:8      | Reached XP level 10. HP: 46/46 MP: 25/25
  8514 | D:8      | Found a flagged portal.
  8526 | Bailey   | Entered a bailey
  8555 | Bailey   | Reached ** piety under Dithmenos
  8878 | Bailey   | Identified the +11 crystal plate armour "Fioquan" {Harm
                  | +Inv rC- Dex-2}
  8922 | Bailey   | Noticed an orc knight
  8933 | Bailey   | Reached skill level 5 in Dodging
  8985 | Bailey   | Killed an orc knight
  9789 | D:8      | Noticed a two-headed ogre
  9793 | D:8      | Killed a two-headed ogre
  9801 | D:8      | Noticed Pikel
  9807 | D:8      | Killed Pikel
 10163 | D:8      | Noticed Erica
 10170 | D:8      | Killed Erica
 10171 | D:8      | Reached skill level 13 in Stealth
 10533 | D:9      | Reached skill level 5 in Short Blades
 10701 | D:9      | Reached *** piety under Dithmenos
 10726 | D:9      | Reached XP level 11. HP: 28/53 MP: 6/26
 10892 | D:9      | Noticed Prince Ribbit
 10899 | D:9      | Killed Prince Ribbit
 10928 | D:9      | Identified the +1 ring mail of Duru {rElec rF+++ rC+
                  | Stlth-}
 11479 | D:10     | Entered Level 10 of the Dungeon
 11553 | D:10     | Noticed a tengu warrior
 11559 | D:10     | Killed a tengu warrior
 11718 | D:10     | Found a staircase to the Lair.
 11794 | D:10     | Noticed Fannar
 11845 | D:10     | Killed Fannar
 12030 | D:10     | Found the +18 Lear's hauberk
 12163 | D:10     | Noticed Urug
 12167 | D:10     | Killed Urug
 12173 | D:10     | Gained mutation: You have a somewhat thin skeletal
                  | structure. (Dex +2, Stealth+) [potion of mutation]
 12173 | D:10     | Gained mutation: Your flesh is cold resistant. (rC+)
                  | [potion of mutation]
 12216 | D:10     | Found a basalt altar of Yredelemnul.
 12216 | D:10     | Found a radiant altar of Vehumet.
 12247 | D:10     | Noticed a two-headed ogre
 12251 | D:10     | Killed a two-headed ogre
 12252 | D:10     | Reached skill level 14 in Stealth
 12329 | D:10     | Noticed a two-headed ogre
 12340 | D:10     | Killed a two-headed ogre
 13101 | D:11     | Reached skill level 5 in Fighting
 13392 | D:11     | Noticed a red ugly thing
 13399 | D:11     | Killed a red ugly thing
 13475 | D:12     | Noticed a red ugly thing
 13477 | D:12     | Killed a red ugly thing
 13610 | D:12     | Found a staircase to the Orcish Mines.
 13623 | D:12     | Reached **** piety under Dithmenos
 13624 | D:12     | Reached XP level 12. HP: 60/60 MP: 28/28
 13796 | D:12     | Found Syobefo's Distillery.
 13804 | D:12     | Bought a potion of heal wounds for 80 gold pieces
 13804 | D:12     | Bought a potion of curing for 48 gold pieces
 13804 | D:12     | Bought a potion of flight for 48 gold pieces
 13804 | D:12     | Bought a potion of heal wounds for 80 gold pieces
 13804 | D:12     | Bought a potion of haste for 160 gold pieces
 13804 | D:12     | Bought a potion of curing for 48 gold pieces
 14444 | D:12     | Learned a level 5 spell: Summon Mana Viper
 14453 | D:13     | Noticed a centaur warrior
 14459 | D:13     | Killed a centaur warrior
 14602 | D:13     | Learned a level 1 spell: Apportation
 14625 | D:13     | Noticed a vault guard
 14633 | D:13     | Killed a vault guard
 14634 | D:13     | Reached skill level 15 in Stealth
 14639 | D:13     | Noticed a vault guard
 14647 | D:13     | Killed a vault guard
 14667 | D:13     | Noticed a vault guard
 14676 | D:13     | Killed a vault guard
 14737 | D:13     | Found a gate to the Vaults.
 14737 | D:13     | Noticed a vault guard
 14737 | D:13     | Noticed a vault guard
 14740 | D:13     | Killed a vault guard
 14741 | D:13     | Killed a vault guard
 14780 | D:13     | Noticed a seven-headed hydra
 14787 | D:13     | Killed a seven-headed hydra
 14934 | D:13     | Noticed a centaur warrior
 14936 | D:13     | Killed a centaur warrior
 14937 | D:13     | Reached skill level 10 in Dodging
 14993 | D:13     | Noticed a tengu warrior
 15004 | D:13     | Killed a tengu warrior
 15353 | D:13     | Reached XP level 13. HP: 65/65 MP: 30/30
 15733 | D:14     | Reached ***** piety under Dithmenos
 15734 | D:14     | Reached skill level 16 in Stealth
 15768 | D:14     | Found a blossoming altar of Fedhas.
 16262 | D:14     | Noticed an orc warlord
 16262 | D:14     | Noticed a storm dragon
 16265 | D:14     | Killed an orc warlord
 16268 | D:14     | Killed a storm dragon
 16601 | Lair:1   | Entered Level 1 of the Lair of Beasts
 16751 | Lair:1   | Noticed Sonja
 16757 | Lair:1   | Killed Sonja
 17926 | Lair:2   | Found a staircase to the Snake Pit.
 18781 | Lair:3   | Reached skill level 17 in Stealth
 19074 | Lair:3   | Reached XP level 14. HP: 59/72 MP: 22/32
 19306 | Lair:4   | Got the Parchment of the Figure and Direction
 19821 | Lair:4   | Reached skill level 10 in Short Blades
 20175 | Lair:4   | Found a staircase to the Shoals.
 20892 | Lair:5   | Found a viscous altar of Jiyva.
 20892 | Lair:5   | Found a staircase to the Slime Pits.
 20963 | Lair:5   | Reached ****** piety under Dithmenos
 21372 | Lair:6   | Entered Level 6 of the Lair of Beasts
 21634 | Lair:6   | Found a frozen archway.
 21651 | IceCv    | Entered an ice cave
 22030 | IceCv    | Identified the +2 bardiche "Amylomm" {venom, Str+6}
 22035 | IceCv    | Got the Volume of Embers and Clay
 22368 | Lair:6   | Reached skill level 18 in Stealth
 22593 | Lair:6   | Reached skill level 15 in Hexes
 23299 | Lair:6   | Reached XP level 15. HP: 52/77 MP: 29/34
 24178 | Orc:1    | Entered Level 1 of the Orcish Mines
 24577 | Orc:2    | Entered Level 2 of the Orcish Mines
 24831 | Orc:2    | Found a staircase to the Elven Halls.
 24982 | Orc:2    | Found Uraigrio's Antique Weapon Shop.
 24996 | Orc:2    | Found Woepp's General Store.
 24998 | Orc:2    | Found Ydae's Distillery.
 25008 | Orc:2    | Reached skill level 15 in Spellcasting
 25298 | Orc:2    | Found Jiasiamu's Weapon Shoppe.
 25314 | Orc:2    | Bought a potion of haste for 120 gold pieces
 25314 | Orc:2    | Bought a potion of curing for 36 gold pieces
 25314 | Orc:2    | Bought a potion of curing for 36 gold pieces
 25314 | Orc:2    | Bought a potion of haste for 120 gold pieces
 25314 | Orc:2    | Bought a potion of ambrosia for 96 gold pieces
 25314 | Orc:2    | Bought a potion of ambrosia for 96 gold pieces
 25393 | Orc:2    | Noticed Sekuso's ghost (journeyman FoAr)
 25404 | Orc:2    | Found a runed translucent gate.
 25404 | Orc:2    | Found a runed translucent gate.
 25405 | Orc:2    | Found a runed translucent gate.
 26057 | D:15     | Entered Level 15 of the Dungeon
 26253 | D:15     | Found a staircase to the Depths.
 26348 | D:15     | Reached skill level 19 in Stealth
 27295 | Snake:1  | Entered Level 1 of the Snake Pit
 27916 | Snake:1  | Found Uthadoat's Armour Emporium.
 28484 | Snake:1  | Reached XP level 16. HP: 84/84 MP: 36/36
 28855 | Snake:2  | Found Wila's Weapon Emporium.
 28921 | Snake:2  | Found a white marble altar of Elyvilon.
 29446 | Snake:2  | Reached skill level 20 in Stealth
 29927 | Snake:2  | Reached skill level 15 in Dodging
 30074 | Snake:2  | Found Hosyu's Distillery.
 30083 | Snake:2  | Bought a potion of curing for 51 gold pieces
 30083 | Snake:2  | Bought a potion of curing for 51 gold pieces
 30083 | Snake:2  | Bought 2 potions of haste for 340 gold pieces
 30948 | Snake:3  | Reached skill level 10 in Fighting
 31317 | Snake:3  | Identified the +0 leather armour of Recklessness {Will-
                  | Dex+4}
 31597 | Snake:4  | Entered Level 4 of the Snake Pit
 31777 | Shoals:1 | Entered Level 1 of the Shoals
 31876 | Shoals:1 | Noticed Mlioglotl
 31878 | Shoals:1 | Killed Mlioglotl
 32154 | Shoals:1 | Noticed Frances
 32156 | Shoals:1 | Killed Frances
 32662 | Shoals:2 | Noticed Ilsuiw
 32663 | Shoals:2 | Noticed Jorgrun
 32754 | Shoals:2 | Reached skill level 21 in Stealth
 32770 | Shoals:1 | Killed Ilsuiw
 32876 | Shoals:2 | Reached XP level 17. HP: 90/90 MP: 35/39
 32895 | Shoals:2 | Killed Jorgrun
 33732 | Shoals:3 | Noticed Mara
 33734 | Shoals:3 | Killed Mara
 34610 | Shoals:4 | Entered Level 4 of the Shoals
 34973 | Elf:1    | Entered Level 1 of the Elven Halls
 35009 | Elf:1    | Found a flickering gateway to a bazaar.
 35015 | Bazaar   | Entered a bazaar
 35015 | Bazaar   | Found Seah's Distillery.
 35015 | Bazaar   | Found Qarol's Assorted Antiques.
 35015 | Bazaar   | Found Koecah's Antique Weapon Shoppe.
 35017 | Bazaar   | Found Uneczib's Book Boutique.
 35017 | Bazaar   | Found Jiempag's Jewellery Shoppe.
 35058 | Bazaar   | Bought a potion of curing for 42 gold pieces
 35058 | Bazaar   | Bought a potion of invisibility for 112 gold pieces
 35058 | Bazaar   | Bought a potion of haste for 140 gold pieces
 35058 | Bazaar   | Bought a potion of magic for 112 gold pieces
 35058 | Bazaar   | Bought 2 potions of heal wounds for 140 gold pieces
 35058 | Bazaar   | Bought a potion of magic for 112 gold pieces
 35058 | Bazaar   | Bought a potion of ambrosia for 112 gold pieces
 35069 | Bazaar   | Bought a potion of invisibility for 184 gold pieces
 35069 | Bazaar   | Bought a scroll of magic mapping for 80 gold pieces
 35069 | Bazaar   | Bought a scroll of magic mapping for 80 gold pieces
 35430 | D:4      | Bought a book of Geomancy for 180 gold pieces
 35441 | D:4      | Learned a level 3 spell: Stone Arrow
 36025 | Elf:1    | Reached skill level 1 in Conjurations
 36313 | Elf:1    | Found a runed translucent gate.
 36313 | Elf:1    | Found a runed translucent gate.
 36313 | Elf:1    | Found a runed translucent gate.
 36313 | Elf:1    | Found a runed translucent gate.
 36313 | Elf:1    | Found a runed translucent gate.
 36318 | Elf:1    | Found a runed translucent gate.
 36729 | Elf:2    | Reached skill level 22 in Stealth
 36973 | Elf:2    | Found a runed translucent gate.
 36973 | Elf:2    | Found a runed translucent gate.
 37075 | Elf:2    | Found a runed translucent gate.
 37645 | Elf:3    | Entered Level 3 of the Elven Halls
 37846 | Elf:3    | Reached XP level 18. HP: 96/96 MP: 19/40
 38316 | Elf:3    | Found a runed translucent gate.
 38316 | Elf:3    | Found a runed translucent gate.
 38317 | Elf:3    | Found a runed translucent gate.
 38319 | Elf:3    | Noticed Dwachs's ghost (adept MiFi)
 38319 | Elf:3    | Noticed capka3m's ghost (adept GnEE)
 38319 | Elf:3    | Noticed Artihs's ghost (journeyman MiFi)
 38319 | Elf:3    | Noticed Sat's ghost (adept MiBe)
 38572 | Elf:3    | Identified the +7 trident of Zieluiwi {flame, Dex+2 SInv}
 40901 | Snake:4  | Reached skill level 23 in Stealth
 41753 | Snake:4  | Got a serpentine rune of Zot
 42206 | Vaults:1 | Entered Level 1 of the Vaults
 42377 | Vaults:1 | Paralysed by a great orb of eyes for 2 turns
 42815 | Vaults:1 | Reached XP level 19. HP: 102/102 MP: 42/42
 44311 | Vaults:2 | Acquired 1119 gold pieces
 44327 | Vaults:2 | Noticed Boris
 44329 | Vaults:2 | Reached skill level 24 in Stealth
 44330 | Vaults:2 | Killed Boris
 44545 | Vaults:2 | Learned a level 5 spell: Metabolic Englaciation
 44553 | Vaults:2 | Learned a level 7 spell: Enfeeble
 45481 | Vaults:3 | Identified the +5 shortbow "Voetel" {venom, rPois rC++
                  | rCorr Dex-3}
 45620 | Vaults:3 | Noticed Bai Suzhen
 45622 | Vaults:3 | Killed Bai Suzhen
 46103 | Vaults:3 | Found a staircase to the Crypt.
 46144 | Vaults:3 | Reached XP level 20. HP: 109/109 MP: 41/44
 46527 | Vaults:3 | Noticed Jory
 46539 | Vaults:3 | Killed Jory
 47336 | Vaults:4 | Reached skill level 25 in Stealth
 47511 | Vaults:4 | Found Goken's Armour Shop.
 48201 | Vaults:4 | Found a transporter.
 48327 | Vaults:4 | Found a transporter.
 48334 | Vaults:4 | Found a runed translucent door.
 48334 | Vaults:4 | Found a bloodstained altar of Trog.
 48334 | Vaults:4 | Found the necklace of Bloodlust {*Rage Will++ Int-3 Slay+6}
 50197 | Shoals:4 | Reached skill level 26 in Stealth
 50323 | Shoals:4 | Reached XP level 21. HP: 115/115 MP: 42/47
 50726 | Shoals:4 | Got a barnacled rune of Zot
 50974 | Shoals:4 | Noticed Donald
 51366 | Shoals:4 | Upgraded the game from 0.29-a0-824-gd827844252 to
                  | 0.29-a0-825-g72347fce65
 51690 | Depths:1 | Entered Level 1 of the Depths
 51725 | Depths:1 | Found a magical portal.
 51734 | WizLab   | Entered Iskenderun's Mystic Tower
 53112 | WizLab   | Got Iskenderun's Parchment of Arcane Weapons
 53112 | WizLab   | Got Iskenderun's Papyrus of the Impact
 53126 | WizLab   | Got A Beginning Course on Rites and Rhymes
 53132 | WizLab   | Learned a level 4 spell: Cause Fear
 53141 | WizLab   | Learned a level 8 spell: Discord
 53502 | Depths:1 | Found a shimmering altar of Xom.
 53511 | Depths:1 | Found a gateway to Hell.
 53784 | Depths:1 | Found a snail-covered altar of Cheibriados.
 53970 | Depths:1 | Found Efiqoaw's Antique Armour Emporium.
 54754 | Vaults:5 | Entered Level 5 of the Vaults
 54756 | Vaults:5 | Noticed an ancient lich
 54759 | Vaults:5 | Reached skill level 27 in Stealth
 55039 | Vaults:5 | Reached skill level 15 in Fighting
 55039 | Vaults:5 | Noticed a dread lich
 55048 | Vaults:5 | Killed a dread lich
 55064 | Vaults:5 | Noticed a golden dragon
 55075 | Vaults:5 | Killed a golden dragon
 55209 | Vaults:5 | Noticed Boris
 55248 | Vaults:5 | Killed Boris
 55249 | Vaults:5 | Reached XP level 22. HP: 122/122 MP: 49/49
 55253 | Vaults:5 | Identified the +0 robe of Piessa Pull {rElec rN+ Will-}
 55605 | Vaults:5 | Identified the +1 plate armour "Kanaoq" {+Inv Str+3 Int-2}
 55716 | Vaults:5 | Noticed a dread lich
 55724 | Vaults:5 | Identified the +8 glaive "Dragonslayer" {elec, rPois MP+9}
 55912 | Vaults:5 | Noticed a dread lich
 55915 | Vaults:5 | Killed a dread lich
 55929 | Vaults:5 | Killed a dread lich
 56026 | Vaults:5 | Killed an ancient lich
 56360 | Vaults:5 | Identified the +5 shortbow of the Bursting Pariah {venom,
                  | rElec Stlth+} (You took it off a yaktaur captain on level 5
                  | of the Vaults)
 56418 | Vaults:5 | Identified the +6 triple sword "Soteen" {flame, rCorr
                  | Str+4} (You took it off a vault sentinel on level 5 of the
                  | Vaults)
 56478 | Vaults:5 | Got the Vellum of Congelation
 56567 | Vaults:5 | Got a silver rune of Zot
 57378 | Elf:3    | Identified the ring of the City {rCorr Int+5}
 57551 | Elf:3    | Identified the +10 shortbow of Muuhahig {vorpal, +Blink
                  | rPois rN+ Dex+4}
 57555 | Elf:3    | Identified the +6 sling of Slow Death {venom, rCorr Dex+4
                  | Stlth+}
 58392 | Depths:2 | Found a one-way gate leading to the halls of Pandemonium.
 58685 | Depths:2 | Found a corrupted altar of Lugonu.
 58686 | Depths:2 | Found a one-way gate to the infinite horrors of the Abyss.
 58779 | Depths:2 | Noticed a golden dragon
 58843 | Depths:2 | Killed a golden dragon
 59118 | Depths:2 | Reached XP level 23. HP: 108/129 MP: 39/51
 59252 | Depths:2 | HP: 6/129 [salamander/+2 halberd (8)]
 59252 | Depths:2 | Slain by a salamander

Illustrated notes

Levels and vault maps discovered:
D:1:      psy_arrival_dodecagon, layout_basic, amcnicky_mini_pool_small
D:2:      layout_rooms, hellmonk_ecumenical_altar_arch_garden, uniq_jessica,
          uniq_robin
D:3:      layout_loops_ring, gammafunk_temple_overflow_elements, uniq_natasha
D:4:      layout_gridville, serial_shops, nicolae_shop_stone,
          nicolae_shop_statue_plus, shop, shop,
          nicolae_shop_temple_entry_statues_fountains, uniq_grinder
D:5:      layout_loops_corners, minmay_temple_entry_gardened_gates,
          uniq_crazy_yiuf_cottage
D:6:      layout_loops_cross, gammafunk_ghost_abyssal_escape,
          nicolae_concentric_dashed_squares_mild
D:7:      layout_loops_ring, minivault_23, nicolae_specific_store,
          grunt_decor_arrowhead, minmay_shop_enchanted_jewellery, uniq_joseph
D:8:      layout_layer_cave, enter_bailey_2, chequers_serial_rivers_large_b,
          uniq_pikel, uniq_psyche, uniq_erica
D:9:      layout_stronghold, uniq_prince_ribbit1
D:10:     layout_roguey, chequers_temple_overflow_statue_of_worship,
          david_lair_generic, minmay_misc_feat_chi,
          hellmonk_guarded_unrand_lears, uniq_fannar, uniq_urug
D:11:     layout_long_grid
D:12:     layout_loops_corners, zombieorc1_lemuel, serial_shops, shop
D:13:     layout_basic, grunt_vaults_entry_fortified
D:14:     minmay_sliced_demisemicircle, layout_irregular_city,
          serial_column_ruins, column_ruins_square_small, column_ruins_hut,
          column_ruins_grid_1, column_ruins_open_small, column_ruins_open_tiny,
          column_ruins_grid_1, column_ruins_grid_3, column_ruins_grid_3,
          fedhas_altar_2, kennysheep_nub, water_maze_lemuel
D:15:     grunt_enter_depths_giant_problem, layout_basic
Temple:   mainiacjoe_temple_coin_purse
Lair:1:   layout_roguey, uniq_sonja
Lair:2:   layout_concentric_octagons, minmay_snake_entry_guardpost_small,
          infiniplex_staircase_pool_2, lemuel_fruit_tree
Lair:3:   layout_loops_ring
Lair:4:   wad_woods_pond, layout_gridlike, minmay_shoals_entry_hut
Lair:5:   layout_cave_pods, slime_entry_1, grunt_megastairs_3
Lair:6:   minmay_lair_end_frog_pond, layout_gridlike,
          portal_ice_cave_entry_ice_simulacra, lemuel_fruit_fields
Shoals:1: layout_shoals, uniq_mlioglotl, uniq_frances
Shoals:2: layout_shoals, uniq_jorgrun, uniq_ilsuiw
Shoals:3: layout_shoals, uniq_mara
Shoals:4: shoals_end_grunt_ice, layout_shoals, shoals_ilsuiw_ice, uniq_donald
Snake:1:  layout_grid_maze, serial_shops,
          nicolae_shop_competitors_out_of_business,
          nicolae_snake_yet_another_twisty_hallway, serial_bayou_lagoon_a,
          nicolae_snake_double_loop
Snake:2:  layout_layer_cave, serial_shops, nicolae_lakefront_shop,
          nicolae_shop_bloodbath_and_beyond, basic_altar, serial_bayou_shore_a
Snake:3:  layout_gridlike
Snake:4:  snake_pit, layout_cave_pods, nicolae_snake_squiggles
Orc:1:    layout_diamond_mine
Orc:2:    st_orc_elflike, layout_caves, basic_altar, gammafunk_ghost_split,
          minmay_orc_temple_a
Elf:1:    layout_geoelf_grid, serial_shops, bzr_entry_dummy, orc_legates
Elf:2:    elven_hall_of_blades_hangedman_original
          [infiniplex_blade_entry_pillars], layout_gridlike, lemuel_elevator
Elf:3:    grunt_elf_hall_asides, layout_gridlike, gammafunk_ghost_cemetery
Vaults:1: nicolae_vaults_little_ls, vaults_standard_mumra_x, v_alt_pattern_2,
          hangedman_vaults_cutoff, hangedman_vaults_stagger, v_misc_2,
          v_alt_pattern_5, layout_vaults_chaotic_city
Vaults:2: v_misc_30, st_squares, grunt_vaults_hallway_long,
          nicolae_vaults_asterisk, ontoclasm_vaults_pinch,
          layout_vaults_omnigrid, uniq_boris
Vaults:3: nicolae_vaults_gold_heap, v_rooms_2, minmay_crypt_entry_simple_walls,
          vaults_room_hallway, v_rooms_1, ontoclasm_vaults_twist,
          nicolae_vaults_network_quinsquares
          [nicolae_vaults_network_quincunx_subvault,
          nicolae_vaults_network_quincunx_subvault,
          nicolae_vaults_network_quincunx_subvault,
          nicolae_vaults_network_quincunx_subvault], nicolae_vaults_asterisk,
          vaults_room_pool, vaults_dpeg_ring, layout_vaults_ring, uniq_jory,
          uniq_bai_suzhen
Vaults:4: nicolae_vaults_specimen_jars, nicolae_vaults_diagonal_hallway_6,
          hangedman_vaults_snaps, emtedronai_trogs_sanctum, v_misc_2,
          vaults_room_fours, nicolae_vaults_network_square,
          nicolae_vaults_little_squares_1, v_misc_2, vaults_room_hallway,
          nicolae_vaults_network_periphery, layout_vaults_maze_bifur,
          serial_shops, shop
Vaults:5
Depths:1: layout_cave_pools, mu_enter_wizlab_5, serial_shops,
          kennysheep_mini_moat, grunt_metal_band, basic_altar, slow_altar_1,
          grunt_megastairs_5
Depths:2: kennysheep_large_spiral, layout_cave_shapes, abyss_entry_flame_altar,
          hellmouth_1, rand_demon_pan_entry_1

Skill      XL: |  1  2  3  4  5  6  7  8  9 10 11 12 13 14 15 16 17 18 19 20 21 22 |
---------------+-------------------------------------------------------------------+-----
Spellcasting   | 3 4 6 7 8 10 11 12 13 14 15 17 18 19 21 22 23 | 23.8
Hexes          | 4 5 6 7 9 10 11 12 13 14 15 16 17 18 19 20 21 22 24 | 24.0
Stealth        | 6 8 10 12 13 14 15 17 18 19 21 22 23 24 26 27 | 27.0
Fighting       | 2 3 5 6 7 8 9 10 11 12 13 14 15 16 | 16.4
Short Blades   | 3 5 6 8 9 11 12 | 12.0
Dodging        | 4 6 8 10 11 13 14 15 17 18 19 20 | 20.0
Conjurations   | 2 |  2.0

Action                   |  1- 3 |  4- 6 |  7- 9 | 10-12 | 13-15 | 16-18 | 19-21 | 22-24 || total
-------------------------+-------+-------+-------+-------+-------+-------+-------+-------++-------
Melee: Dagger            |    79 |    93 |   239 |   392 |   920 |   741 |   943 |   134 ||  3541
       Punch             |       |     1 |     1 |     1 |       |       |       |       ||     3
 Cast: Ensorcelled Hiber |     7 |    13 |    14 |    52 |   158 |   260 |   311 |    26 ||   841
       Tukima's Dance    |     1 |     2 |    18 |    41 |    10 |   104 |    51 |     9 ||   236
       Confusing Touch   |       |     1 |    12 |    15 |    11 |    17 |    29 |     9 ||    94
       Dazzling Flash    |       |       |       |     3 |     9 |       |       |     4 ||    16
       Stone Arrow       |       |       |       |       |       |    29 |    56 |     7 ||    92
       Enfeeble          |       |       |       |       |       |       |     5 |     2 ||     7
       Discord           |       |       |       |       |       |       |    13 |    29 ||    42
       Summon Mana Viper |       |       |       |       |       |       |     1 |       ||     1
       Cause Fear        |       |       |       |       |       |       |       |     1 ||     1
Invok: Shadow Step       |       |       |       |       |     1 |     7 |     7 |     1 ||    16
Evoke: Wand              |       |       |       |     1 |    11 |    15 |     8 |       ||    35
       Tin of tremorston |       |       |       |       |     2 |     1 |     1 |       ||     4
       Box of beasts     |       |       |       |       |       |       |     1 |       ||     1
       Phantom mirror    |       |       |       |       |       |       |     1 |       ||     1
  Use: Scroll            |     8 |     7 |     9 |    14 |    13 |    11 |    12 |     6 ||    80
       Potion            |       |       |       |     4 |     8 |     6 |    19 |     6 ||    43
 Stab: Sleeping          |    22 |    15 |    32 |    83 |   215 |   289 |   330 |    36 ||  1022
       Distracted        |       |     2 |     2 |     2 |     2 |    12 |    18 |     2 ||    40
       Confused          |       |       |    11 |    16 |    12 |    12 |    21 |     5 ||    77
       Invisible         |       |       |       |     2 |     8 |     2 |     5 |     1 ||    18
Armor: Robe              |     8 |     6 |    15 |       |       |       |       |       ||    29
       Steam dragon scal |       |       |     1 |    39 |    55 |    65 |   142 |    22 ||   324
Dodge: Dodged            |    38 |    61 |   126 |   283 |   617 |   646 |  1354 |   183 ||  3308
Block: Other             |       |     8 |    38 |    58 |       |       |       |       ||   104
       Reflection        |       |       |     2 |     1 |     2 |     1 |       |       ||     6
       Orb               |       |       |       |    12 |   126 |     8 |       |       ||   146

Table legend: (Time is in decaauts)
 A = Elapsed time spent in this place.
 B = Non-inter-level travel time spent in this place.
 C = Inter-level travel time spent in this place.
 D = Time resting spent in this place.
 E = Time spent auto-exploring this place.
 F = Levels seen in this place.
 G = Mean time per level.
                   A        B        C        D        E       F      G
               +--------+--------+--------+--------+--------+-----+--------+
         Total |  43937 |  40361 |   3576 |   5241 |  25830 |  46 |  955.2 |
       Dungeon |  13312 |  12066 |   1246 |    389 |   9628 |  15 |  887.5 |
        Temple |     55 |     50 |      5 |      0 |     42 |   1 |   55.0 |
          Lair |   5407 |   4791 |    616 |    313 |   3470 |   6 |  901.2 |
        Shoals |   3949 |   3670 |    279 |    431 |   1976 |   4 |  987.2 |
     Snake Pit |   5339 |   5003 |    336 |    382 |   3682 |   4 | 1334.8 |
  Orcish Mines |   1587 |   1108 |    479 |    217 |    664 |   2 |  793.5 |
   Elven Halls |   3053 |   2889 |    164 |    609 |   1565 |   3 | 1017.7 |
        Vaults |   6721 |   6295 |    426 |   1078 |   3513 |   5 | 1344.2 |
        Depths |   2031 |   2009 |     22 |    568 |    670 |   2 | 1015.5 |
        Bazaar |     46 |     46 |      0 |      0 |     15 |   1 |   46.0 |
        Bailey |    722 |    722 |      0 |      5 |    553 |   1 |  722.0 |
      Ice Cave |    354 |    354 |      0 |    241 |      0 |   1 |  354.0 |
        Wizlab |   1356 |   1356 |      0 |   1005 |     48 |   1 | 1356.0 |
               +--------+--------+--------+--------+--------+-----+--------+

Top non-repeatable levels by time:
 Snake:4: 1927 daAuts
Vaults:5: 1560 daAuts
 Snake:2: 1553 daAuts
Vaults:1: 1520 daAuts
  Lair:6: 1519 daAuts
Vaults:4: 1415 daAuts
  WizLab: 1356 daAuts
   Elf:3: 1352 daAuts
Shoals:4: 1333 daAuts
Vaults:3: 1322 daAuts
 Snake:1: 1237 daAuts
Depths:1: 1210 daAuts
     D:5: 1176 daAuts
     D:7: 1116 daAuts
   Orc:2: 1103 daAuts
